AoeStats
← Carple

MegaRandom

506986198Analyzed
4v4 RM · 17d ago on Sep 16, 2026· 50m 8s· 8 players
Game mode
Random Map
Map size
Large (8 player)
Population
200
Speed
Normal
Resources
Standard
Victory
Conquest
Starting age
Dark Age
Ending age
Imperial Age
RankedLock teamsTeams togetherTeam positionsShared explorationLock speedFull tech treeHidden civsTurbo modeCheats
Victory
Defeat
🇨🇳 Poles · China
963
+12
🇨🇦 Spanish · Canada
929
+13
🇺🇸 Malay · United States
886
+15
🇦🇷 Gurjaras · Argentina
867
+16
🇺🇸 Goths · United States
983
-18
🇺🇸 Mongols · United States
858
-14
🇺🇸 Shu · United States
829
-12
🇺🇸 Jurchens · United States
814
-12
Diomedes 2775
11:35 Feudal Age
16:26 Castle Age
18:01 Double-Bit Axe
17:59 Horse Collar
23:53 Fletching
24:05 Padded Archer Armor
25:42 Bodkin Arrow
27:03 Bow Saw
30:25 Leather Archer Armor
32:31 Loom
36:46 Elite Skirmisher
41:01 Pikeman
DAGRON
11:51 Feudal Age
12:18 Double-Bit Axe
13:32 Horse Collar
15:00 Wheelbarrow
21:02 Castle Age
19:30 Bloodlines
19:37 Forging
20:54 Scale Barding Armor
22:07 Husbandry
23:15 Bow Saw
23:46 Chain Barding Armor
24:32 Gold Mining
24:36 Stone Mining
24:49 Heavy Plow
33:47 Imperial Age
32:08 Elite Skirmisher
34:31 Fletching
37:14 Two-Man Saw
36:52 Pikeman
38:42 Iron Casting
38:44 Plate Barding Armor
41:46 Squires
42:51 Blast Furnace
43:13 Conscription
43:58 Elite Steppe Lancer
44:47 Murder Holes
45:25 Caravan
llConnachtll
1:49 Loom
11:55 Feudal Age
13:40 Double-Bit Axe
14:32 Wheelbarrow
18:58 Horse Collar
22:24 Castle Age
21:08 Fletching
21:20 Padded Archer Armor
23:26 Crossbowman
24:12 Thumb Ring
24:17 Town Watch
23:57 Pikeman
27:04 Caravan
27:44 Scale Mail Armor
30:32 Forging
30:18 Bodkin Arrow
30:41 Leather Archer Armor
30:34 Elite Skirmisher
34:59 Imperial Age
32:45 Squires
36:28 Coiled Serpent Array
39:16 Halberdier
Sanguinius7193
0:50 Loom
12:52 Feudal Age
16:57 Castle Age
15:05 Horse Collar
15:14 Double-Bit Axe
19:19 Fletching
22:21 Heavy Plow
24:41 Wheelbarrow
25:02 Gold Mining
25:06 Stone Mining
26:05 Hand Cart
27:29 Scale Mail Armor
32:47 Imperial Age
30:23 Anarchy
30:42 Chain Mail Armor
31:30 Squires
31:26 Town Watch
32:57 Elite Skirmisher
33:36 Bodkin Arrow
33:42 Padded Archer Armor
35:14 Ballistics
35:56 Chemistry
34:33 Elite Huskarl
35:34 Conscription
35:29 Forging
37:34 Iron Casting
36:45 Pikeman
37:40 Halberdier
40:50 Perfusion
Williamjason007
12:52 Feudal Age
17:16 Castle Age
15:53 Double-Bit Axe
15:52 Horse Collar
17:56 Husbandry
20:41 Scale Barding Armor
29:41 Imperial Age
28:09 Forging
28:36 Gold Mining
29:26 Iron Casting
30:36 Forced Levy
30:00 Man-at-Arms
31:03 Heavy Plow
30:54 Long Swordsman
31:36 Two-Handed Swordsman
32:21 Arson
34:24 Blast Furnace
35:53 Elite Battle Elephant
Carple
11:57 Feudal Age
12:20 Loom
13:20 Double-Bit Axe
14:41 Horse Collar
17:36 Castle Age
15:39 Stone Mining
15:42 Gold Mining
16:17 Padded Archer Armor
16:41 Forging
16:25 Fletching
17:36 Scale Barding Armor
18:48 Husbandry
19:23 Fishing Lines
20:24 Bloodlines
21:42 Bow Saw
22:10 Town Watch
22:33 Heavy Plow
25:01 Wheelbarrow
28:40 Leather Archer Armor
34:54 Imperial Age
35:32 Elite Conquistador
37:17 Hand Cart
37:28 Conscription
38:17 Town Patrol
39:42 Ring Archer Armor
40:39 Chemistry
39:25 Light Cavalry
39:26 Cavalier
45:02 Iron Casting
44:48 Chain Barding Armor
44:24 Bodkin Arrow
44:30 Scale Mail Armor
45:10 Ballistics
44:52 Caravan
44:49 Hussar
46:38 Arrowslits
46:55 Paladin
蒸汽机器人
1:26 Loom
12:03 Feudal Age
12:41 Double-Bit Axe
15:23 Fishing Lines
19:01 Castle Age
17:53 Horse Collar
19:00 Bloodlines
18:48 Gold Mining
20:10 Bow Saw
21:02 Town Watch
22:17 Heavy Plow
23:18 Wheelbarrow
23:42 Gillnets
25:48 Gold Shaft Mining
25:40 Stone Mining
28:50 Hand Cart
32:05 Imperial Age
31:08 Stone Shaft Mining
30:38 Treadmill Crane
31:09 Fortified Wall
30:54 Murder Holes
31:16 Forging
31:12 Scale Barding Armor
31:11 Husbandry
32:22 Town Patrol
33:00 Iron Casting
33:45 Kshatriyas
34:00 Conscription
35:44 Crop Rotation
36:15 Caravan
36:52 Elite Shrivamsha Rider
38:23 Medium Warships
37:55 Heavy Camel Rider
39:45 Ballistics
40:26 Chemistry
40:53 Heavy Warships
42:29 Chain Barding Armor
42:44 Frontier Guards
45:10 Plate Barding Armor
47:29 Masonry
47:30 Fortified Wall
378080739
0:28 Loom
13:25 Feudal Age
19:38 Castle Age
18:23 Stone Mining
18:24 Double-Bit Axe
18:27 Horse Collar
19:00 Gold Mining
23:43 Heavy Plow
23:56 Bow Saw
26:26 Szlachta Privileges
30:21 Imperial Age
30:43 Bloodlines
30:33 Husbandry
30:55 Forging
30:50 Scale Barding Armor
30:29 Cavalier
32:38 Wheelbarrow
32:33 Conscription
35:10 Iron Casting
34:56 Chain Barding Armor
41:10 Hand Cart
45:27 Caravan
Connection lost

Rejoining the realm…

Still unreachable

The connection could not be restored.

Session expired

The server has moved on; the page needs a fresh start.